Map: Eternal Empire LE

Players

MaSa

  • Race: Terran Terran
  • Spawn Location: 1:00

Astrea - Winner!

  • Race: Protoss Protoss
  • League: Grandmaster
  • Spawn Location: 7:00

Event: Cheeseadelphia XI, Cheeseadelphia XI

VOD

Have the link to the VOD?

Description

Time

  • Played on: Dec. 14, 2019, 5:35 p.m.
  • Length: 5:10

All games in this series

Show
View Real Time Build Order
Export as new Build Order

MaSa Terran 

Build Orders: Hellion Opening 

Get SALT Encoding   

  12  0:00  SCV  
  13  0:12  SCV  
  14  0:18  Supply Depot  
  14  0:24  SCV  
  15  0:40  SCV  
  15  0:41  Barracks  
  16  0:48  Refinery  
  16  0:52  SCV  
  17  1:00  Engineering Bay  
  17  1:05  SCV  
  18  1:17  SCV  
  19  1:29  Orbital Command, Marine  
  20  1:34  Refinery  
  20  1:38  Supply Depot  
  20  1:47  Marine  
  21  1:55  SCV  
  21  2:01  Factory  
  22  2:04  Marine  
  24  2:08  SCV  
  24  2:23  Barracks Reactor  
  24  2:30  Command Center  
  24  2:32  SCV  
  24  2:46  Starport  
  24  2:49  Command Center  
  24  2:53  SCV, Refinery  
  25  3:02  Hellion x2  
  29  3:08  Supply Depot  
  29  3:11  Barracks Tech Lab  
  29  3:13  SCV  
  30  3:30  Medivac, Hellion x2  
  30  3:32  Marauder  
  38  3:44  SCV  
  36  3:54  Hellion x2  
  36  3:56  SCV  
  39  4:02  Marauder  
  39  4:04  Orbital Command  
  39  4:06  Starport Tech Lab  
  39  4:09  SCV  
  34  4:30  Orbital Command, SCV, Hellion  
  33  4:46  SCV  
Show
View Real Time Build Order
Export as new Build Order

Astrea Protoss - Winner!

Build Orders:  

Get SALT Encoding   

  12  0:00  Probe  
  13  0:12  Probe  
  14  0:17  Pylon  
  14  0:24  Probe (Chrono Boost)  
  15  0:37  Probe (Chrono Boost)  
  15  0:38  Gateway  
  16  0:44  Probe (Chrono Boost)  
  16  0:46  Assimilator  
  17  0:51  Probe  
  18  1:03  Probe  
  19  1:06  Pylon  
  19  1:15  Probe  
  20  1:24  Gateway  
  20  1:28  Cybernetics Core  
  20  1:29  Probe  
  21  1:41  Probe  
  21  1:43  Assimilator  
  21  2:03  Nexus  
  21  2:10  Stalker (Chrono Boost)  
  21  2:15  Probe  
  24  2:18  Warp Gate  
  24  2:27  Probe  
  27  2:31  Adept (Chrono Boost)  
  27  2:33  Stalker (Chrono Boost)  
  29  2:39  Probe  
  30  2:49  Pylon  
  30  2:51  Probe  
  31  2:59  Assimilator  
  31  3:07  Stalker, Probe  
  34  3:17  Probe (Chrono Boost)  
  35  3:20  Probe (Chrono Boost)  
  35  3:22  Robotics Facility  
  36  3:29  Probe (Chrono Boost)  
  36  3:31  Probe (Chrono Boost)  
  38  3:34  Probe (Chrono Boost)  
  38  3:38  Probe  
  40  3:44  Probe  
  41  3:50  Probe  
  40  3:56  Probe  
  39  4:02  Probe  
  39  4:06  Stalker x2  
  39  4:08  Probe  
  45  4:15  Probe  
  46  4:20  Probe  
  47  4:27  Probe  
  46  4:32  Probe  
  46  4:34  Stalker x2  
  49  4:39  Probe  
  49  4:44  Probe  
  49  4:51  Probe  
  48  4:56  Nexus  
  48  4:57  Probe  
  48  4:59  Stalker x2  
  54  5:06  Assimilator  
Tags
 
Add a new tag
Caveats
  • Supply blocks, unpowered buildings, or Contaminate may cause inaccurate times.
  • Supply counts are checked every 10 seconds.